 Dungeon Crawl Stone Soup version 0.30.1-11-g7821555f0a (webtiles) character file.

Game seed: 2492893468862552193

788 KittyFluff the Covered (level 7, -3/66 HPs)
             Began as a Gargoyle Berserker on Nov 8, 2023.
             Was a Priest of Trog.
             Slain by a gnoll sergeant
             ... wielding a +0 trident
              (13 damage)
             ... on level 5 of the Dungeon.
             The game lasted 00:11:07 (2472 turns).

KittyFluff the Covered (Gargoyle Berserker)         Turns: 2472, Time: 00:11:08

Health: -3/66      AC:  8    Str: 23    XL:     7   Next: 87%
Magic:  7/7        EV: 12    Int:  7    God:    Trog [***...]
Gold:   113        SH:  0    Dex:  9    Spells: 6/6 levels left

rFire   . . .        m - +0 quarterstaff
rCold   + . .        (shield currently unavailable)
rNeg    + . .        g - +0 leather armour
rPois   ∞            (no helmet)
rElec   +            (no cloak)
rCorr   .            (no gloves)
SInv    +            (no boots)
Will    .....        r - amulet of regeneration Stlth
                     e - ring of protection from cold
HPRegen 1.11/turn    n - ring of see invisible
MPRegen 0.10/turn

%: no passive effects
@: berserking (expiring), very quick
A: sickness immunity, AC +4, negative energy resistance 1, electricity
resistance, torment resistance 1, petrification resistance
a: Renounce Religion, Berserk, Trog's Hand


You were on level 5 of the Dungeon.
You worshipped Trog.
Trog was most pleased with you.
You visited 1 branch of the dungeon, and saw 5 of its levels.

You collected 113 gold pieces.

Inventory:

Hand Weapons
 a - a +0 mace
 f - a +0 arbalest
 m - a +0 quarterstaff (weapon)
 w - a +0 shortbow
Missiles
 y - 8 poisoned darts (quivered)
Armour
 g - a +0 leather armour (worn)
Jewellery
 e - a ring of protection from cold (left hand)
 k - a ring of flight
 n - a ring of see invisible (right hand)
 r - an amulet of regeneration (around neck)
Wands
 b - a wand of acid (5)
 j - a wand of roots (2)
Scrolls
 d - a scroll of torment {unknown}
 h - 2 scrolls of teleportation {unknown}
 i - 2 scrolls of enchant weapon {unknown}
 o - a scroll of blinking {unknown}
 p - a scroll of vulnerability {unknown}
 q - a scroll of amnesia {unknown}
 s - a scroll of magic mapping {unknown}
 t - 3 scrolls of brand weapon {unknown}
 A - a scroll of fog {unknown}
Potions
 c - 5 potions of curing
 l - 2 potions of resistance
 u - a potion of flight
 v - 2 potions of lignification
 x - a potion of mutation
 z - a potion of heal wounds {unknown}
 B - a potion of degeneration {unknown}


   Skills:
 + Level 4.7 Fighting
 - Level 3.4(4.3) Maces & Flails
 * Level 3.9(4.6) Staves
 * Level 5.4 Armour
 + Level 3.0 Dodging
 + Level 3.4 Stealth


You had 6 spell levels left.
You didn't know any spells.
Your spell library was empty.

Dungeon Overview and Level Annotations

Branches:
Dungeon (5/15)
 Temple: D:4-7

Altars:
Dithmenos
Elyvilon
Ru

Shops:
D:5 (

Annotations:
D:5 2 runed translucent doors


Innate Abilities, Weirdness & Mutations

You are immune to sickness and miasma.
Your stone body is resilient. (AC +4)
You are immune to poison.
You resist negative energy. (rN+)
You are resistant to electric shocks. (rElec)
You are resistant to unholy torment.
You are immune to petrification.


Message History

* * * LOW HITPOINT WARNING * * *
The gnoll completely misses you. The orc closely misses you.
You hit the orc.
You kill the orc!
Trog accepts your kill.
The gnoll sergeant hits you but does no damage.
The gnoll hits you from afar with a +0 spear.
* * * LOW HITPOINT WARNING * * *
An adder comes into view.
You bludgeon the gnoll!!
You kill the gnoll!
Trog accepts your kill. The gnoll closely misses you.
The gnoll sergeant closely misses you. The orc hits you with a +0 hand axe.
* * * LOW HITPOINT WARNING * * *
You sock the orc!
You kill the orc!
Trog accepts your kill.
You thump the adder!
You kill the adder!
Trog accepts your kill. The gnoll hits you but does no damage.
The gnoll sergeant barely misses you. The gnoll closely misses you.
The gnoll sergeant completely misses you.
The gnoll barely misses you.
Items here: )) [ †.
You sock the gnoll!
The gnoll is heavily wounded.
You barely miss the gnoll.
The gnoll is heavily wounded.
The sentinel's mark upon you fades away.
The gnoll sergeant closely misses you. The gnoll closely misses you.
The gnoll hits you with a +0 whip.
* * * LOW HITPOINT WARNING * * *
You sock the gnoll!
You kill the gnoll!
Trog accepts your kill. The gnoll closely misses you.
The gnoll sergeant hits you with a +0 trident!
You die...

.### .....# # .....# #
....<# # ############
.....#
##..........###.....#
##............#......#
#.>...........g)g....#
#######'########@#..###
...............#.∩..#
...............#....#
....#######....#........
....#.sBss#....#........
....+BBsBy+....#.)......
....#.sssB#....###......
....#######....# ......
...............# ######


You could see a gnoll sergeant and a gnoll.

Vanquished Creatures
  An ice beast (D:5)
  A black bear (D:4)
  A centaur (D:3)
  A phantom (D:5)
  2 howler monkeys
  2 hounds (D:4)
  A gnoll bouda (D:5)
  4 iguanas (D:5)
  An orc wizard (D:5)
  9 gnolls (D:5)
  3 adders
  A dart slug (D:1)
  4 orcs
  6 bats
  6 endoplasms
  5 giant cockroaches
  4 hobgoblins
  4 quokkas
  7 ball pythons
  5 frilled lizards
  4 goblins
  8 kobolds
  3 rats
83 creatures vanquished.

Notes
Turn   | Place    | Note
-------+----------+-------------------------------------------
     0 | D:1      | KittyFluff the Gargoyle Berserker began the quest for the
                  | Orb.
     0 | D:1      | Reached XP level 1. HP: 14/14 MP: 1/1
   147 | D:1      | Reached XP level 2. HP: 18/19 MP: 2/2
   246 | D:1      | You fall into a shaft and drop 1 floor!
   311 | D:2      | Reached skill level 1 in Stealth
   311 | D:2      | Reached XP level 3. HP: 21/23 MP: 3/3
   407 | D:2      | Reached skill level 3 in Armour
   586 | D:2      | Reached ** piety under Trog
   596 | D:2      | Found a shadowy altar of Dithmenos.
   986 | D:3      | Found a sacrificial altar of Ru.
  1020 | D:3      | Reached XP level 4. HP: 28/28 MP: 4/4
  1291 | D:3      | Found a white marble altar of Elyvilon.
  1380 | D:3      | Noticed a centaur
  1388 | D:3      | Killed a centaur
  1389 | D:3      | Reached skill level 1 in Staves
  1389 | D:3      | Reached XP level 5. HP: 31/33 MP: 5/5
  1528 | D:4      | Noticed a black bear
  1540 | D:4      | Killed a black bear
  1541 | D:4      | Reached skill level 4 in Armour
  1541 | D:4      | Reached XP level 6. HP: 27/38 MP: 6/6
  1981 | D:5      | Entered Level 5 of the Dungeon
  2025 | D:5      | Reached *** piety under Trog
  2164 | D:5      | Reached XP level 7. HP: 35/44 MP: 7/7
  2205 | D:5      | Reached skill level 5 in Armour
  2271 | D:5      | Found a runed translucent door.
  2283 | D:5      | Found a runed translucent door.
  2446 | D:5      | Found Deracuc's Weapon Emporium.
  2472 | D:5      | Slain by a gnoll sergeant

Illustrated notes

Levels and vault maps discovered:
D:1:      minmay_arrival_stair_chambers, layout_basic
D:2:      layout_loops_ring, basic_altar
D:3:      layout_basic, mainiacjoe_overflow_large_starburst
D:4:      layout_rooms
D:5:      lemuel_insect_pit, layout_rooms, serial_shops, shop,
          minmay_door_square, uniq_eustachio

Skill      XL: |  1  2  3  4  5  6  7 |
---------------+----------------------+-----
Stealth        | 1 2 3 |  3.4
Armour         | 3 4 5 |  5.4
Dodging        | 2 3 |  3.0
Staves         | 1 2 3 |  3.9
Fighting       | 4 |  4.7
Maces & Flails | |  3.4

Action                     |  1- 3 |  4- 6 |  7- 9 || total
---------------------------+-------+-------+-------++-------
  Melee: Mace              |   111 |       |       ||   111
         Quarterstaff      |    23 |   128 |    74 ||   225
 Invoke: Berserk           |       |       |     2 ||     2
    Use: Scroll            |       |     5 |       ||     5
 Armour: Animal skin       |    27 |       |       ||    27
         Leather armour    |    45 |    60 |    25 ||   130
  Dodge: Dodged            |   103 |    94 |    55 ||   252
